Map: Apotheosis LE

Players

Gracz - Winner!

  • Race: Zerg Zerg
  • League: Silver

Szym

  • Race: Zerg Zerg
  • League: Silver

VOD

Have the link to the VOD?

Description

Time

  • Played on: Oct. 18, 2016, 2:42 p.m.
  • Length: 6:50
Show
View Real Time Build Order
Export as new Build Order

Gracz Zerg - Winner!

Build Orders: Hatch First 

Get SALT Encoding   

  12  0:01  Drone  
  13  0:15  Drone  
  13  0:20  Overlord  
  14  0:48  Drone  
  15  0:57  Hatchery  
  14  1:10  Spawning Pool  
  13  1:13  Drone  
  13  1:14  Drone  
  15  1:24  Extractor, Drone  
  15  1:30  Drone  
  15  1:31  Extractor  
  15  1:36  Drone  
  16  1:50  Drone  
  17  1:57  Drone  
  18  2:08  Queen  
  20  2:10  Queen  
  20  2:11  Zergling x2  
  20  2:13  Zergling x2  
  24  2:20  Zergling x2  
  24  2:22  Zergling x2  
  26  2:35  Zergling x2  
  26  2:42  Metabolic Boost  
  25  3:03  Zergling x4  
  25  3:04  Zergling x2  
  28  3:07  Overlord  
  27  3:25  Queen  
  29  3:45  Roach Warren  
  28  3:57  Zergling x6  
  26  4:18  Drone x3  
  26  4:19  Drone x2  
  31  4:24  Roach  
  31  4:25  Roach  
  31  4:28  Overlord  
  35  4:40  Drone  
  36  4:55  Roach x3  
  36  4:57  Overlord x2  
  42  5:08  Queen  
  41  5:27  Roach  
  41  5:28  Roach  
  41  5:44  Queen  
  37  6:19  Roach  
  37  6:20  Roach x2  
Show
View Real Time Build Order
Export as new Build Order

Szym Zerg 

Build Orders: Pool Only 

Get SALT Encoding   

  12  0:19  Spawning Pool  
  11  0:23  Drone  
  12  0:32  Overlord  
  12  0:37  Drone  
  12  0:41  Drone  
  14  0:51  Drone  
  15  1:04  Drone  
  15  1:10  Extractor, Drone  
  16  1:11  Queen  
  18  1:19  Drone  
  19  1:28  Zergling x2  
  20  1:48  Zergling x2  
  21  2:16  Zergling x2  
  21  2:17  Overlord  
  22  2:45  Zergling x2  
  22  2:46  Zergling x6  
  23  3:14  Metabolic Boost  
  21  3:33  Zergling x4  
  21  3:34  Zergling x4  
  22  3:44  Overlord x2  
  22  3:51  Roach Warren  
  17  4:14  Zergling x12  
  23  4:23  Queen  
  25  4:38  Roach x2  
  29  4:45  Extractor, Drone x3  
  31  4:58  Roach  
  27  5:47  Roach x4  
  27  5:48  Roach  
  37  5:51  Overlord x3  
  33  6:09  Roach  
  29  6:18  Zergling x6  
Tags
 
Add a new tag
Caveats
  • Supply blocks, unpowered buildings, or Contaminate may cause inaccurate times.
  • Supply counts are checked every 10 seconds.